 Dungeon Crawl Stone Soup version 0.29-a0-338-g1ff7896281 (webtiles) character file.

Game seed: 9382046435162413751

17443 quokkamancerX the Frost Mage (level 12, -3/106 HPs)
             Began as a Pale Draconian Ice Elementalist on Apr 17, 2022.
             Was a Believer of Ashenzari.
             Killed from afar by an ice statue (30 damage)
             ... with a shard of ice
             ... in an ice cave on Apr 19, 2022.
             The game lasted 02:51:44 (20982 turns).

quokkamancerX the Frost Mage (DrIE)                Turns: 20982, Time: 02:51:45

Health: -3/106     AC: 12    Str: 10    XL:     12   Next: 18%
Magic:  26/26      EV: 14    Int: 19    God:    Ashenzari [**....]
Gold:   153        SH:  5    Dex: 14    Spells: 19/31 levels left

rFire   x . .      SeeInvis +   F - +4 dagger (venom)
rCold   + . .      Faith    .   y - +0 buckler "Soothsayer of the Sky" {Cun, Bglg} (curse)
rNeg    . . .      Spirit   .   (body armour unavailable)
rPois   +          Reflect  .   (helmet restricted)
rElec   .          Harm     .   f - +0 cloak of Ashenzari's Loss {Range, Alch} (curse)
rCorr   .          Rampage  .   t - +2 pair of gloves "Enigmatic Sybil" {Comp, Melee} (curse)
Will    .....                   (no boots)
Stlth   ++........              (no amulet)
HPRegen 0.27/turn               u - ring of ice
MPRegen 0.20/turn               k - ring of poison resistance

@: mighty, studying Staves
A: breathe steam, AC +8, unfitting armour, cold-blooded, steam resistance
a: Breathe Steam, Renounce Religion, Shatter the Chains


You were in an ice cave.
You worshipped Ashenzari.
Ashenzari was pleased with you.
You visited 2 branches of the dungeon, and saw 12 of its levels.
You also visited: Sewer and Ice Cave.

You collected 808 gold pieces.
You spent 655 gold pieces at shops.

Inventory:

Hand Weapons
 F - a +4 dagger of venom (weapon)
Missiles
 a - 84 poisoned darts (quivered)
 l - 3 datura-tipped darts
 s - 3 throwing nets
 E - 8 curare-tipped darts
Armour
 f - the cursed +0 cloak of Ashenzari's Loss (worn) {Range, Alch}
   (You found it on level 8 of the Dungeon)

   It has a curse which improves the following skills: Ranged Combat: Slings,
   Bows, Crossbows and Throwing.
   Alchemy:   Poison Magic and Transmutations.
 t - the cursed +2 pair of gloves "Enigmatic Sybil" (worn) {Comp, Melee}
   (You found it on level 3 of the Dungeon)

   It has a curse which improves the following skills: Companions: Summonings
   and Necromancy.
   Melee Combat: Short Blades, Long Blades, Axes, Maces & Flails, Polearms,
   Staves and Unarmed Combat.
 w - a scarf of repulsion
 y - the cursed +0 buckler "Soothsayer of the Sky" (worn) {Cun, Bglg}
   (You took it off an orc on level 5 of the Dungeon)

   It has a curse which improves the following skills: Cunning: Dodging and
   Stealth.
   Beguiling: Conjurations, Hexes and Translocations.
Jewellery
 b - an amulet of guardian spirit
 e - a ring of protection from cold
 h - a ring of willpower
 k - a ring of poison resistance (right hand)
 u - a ring of ice (left hand)
Wands
 i - a wand of digging (4)
 m - a wand of paralysis (18)
 x - a wand of acid (3)
Scrolls
 c - 3 scrolls of teleportation
 g - 5 scrolls of vulnerability
 j - a scroll of fear
 n - 2 scrolls of amnesia
 p - a scroll of blinking
 C - 3 scrolls of silence
Potions
 d - a potion of berserk rage
 q - a potion of lignification
 r - 5 potions of curing
 v - a potion of invisibility
 z - 6 potions of flight
 A - 7 potions of mutation
 B - a potion of haste
 D - 2 potions of cancellation


   Skills:
 - Level 10.0 Fighting
 - Level 5.6(6.8) Dodging
 - Level 1.7(2.6) Stealth
 - Level 6.0 Shields
 - Level 10.0 Spellcasting
 + Level 5.6(6.8) Conjurations
 - Level 10.0 Ice Magic
 - Level 6.0 Evocations


You had 19 spell levels left.
You knew the following spells:

 Your Spells              Type           Power      Damage    Failure   Level
a - Freeze                Ice            100%       1d11      1%          1
b - Frozen Ramparts       Ice            100%       1d12      1%          3
c - Ozocubu's Armour      Ice            63%        N/A       1%          3
d - Fireball              Conj/Fire      11%        3d7       54%         5

Your spell library contained the following spells:

 Spells                   Type           Power      Damage    Failure   Level
 Hailstorm                Conj/Ice       58%        3d13      3%          4
 Conjure Flame            Conj/Fire      22%        6-21      7%          3
 Dazzling Flash           Conj/Hex       44%        N/A       7%          3
 Animate Skeleton         Necr           20%        N/A       9%          1
 Pain                     Necr           40%        1d6       9%          1
 Corpse Rot               Necr/Air       18%        N/A       14%         2
 Iskenderun's Mystic Bla  Conj/Tloc      22%        2d6       22%         4
 Sticky Flame             Conj/Fire      22%        2d4       22%         4
 Ignite Poison            Fire/Tmut/Pois 9%         N/A       26%         3
 Tukima's Dance           Hex            10%        N/A       26%         3
 Vampiric Draining        Necr           10%        2d6       26%         3
 Anguish                  Hex/Necr       5%         N/A       65%         4
 Dispel Undead            Necr           10%        3d9       65%         4
 Conjure Ball Lightning   Conj/Air       11%        3x3d6     98%         6
 Starburst                Conj/Fire      11%        6d5       98%         6
 Death Channel            Necr           5%         N/A       100%        6
 Enfeeble                 Hex            5%         N/A       100%        7
 Discord                  Hex            5%         N/A       100%        8
 Disjunction              Tloc           5%         N/A       100%        8
 Ignition                 Fire           4%         3d4       100%        8


Dungeon Overview and Level Annotations

Branches:
Dungeon (11/15)            Temple (1/1) D:6           Sewer (visited)
  IceCv (1/1)
   Lair: D:8-11         Orc: D:9-12

Altars:
Ashenzari
Cheibriados
Dithmenos
Elyvilon
Fedhas
Gozag
Hepliaklqana
Kikubaaqudgha
Makhleb
Nemelex Xobeh
Okawaru
Qazlal
Ru
Sif Muna
Trog
Uskayaw
Vehumet
Wu Jian
Xom
Yredelemnul
Zin
The Shining One

Shops:
D:3 !   D:9 *

Annotations:
D:10 exclusion: ice statue IceCv exclusion: 3 ice statues


Innate Abilities, Weirdness & Mutations

You can breathe blasts of scalding, opaque steam.
Your pale cyan-grey scales are hard. (AC +8)
You cannot fit into any form of body armour.
You are cold-blooded and may be slowed by cold attacks.
You are immune to the effects of steam.


Message History

The ice beast hits you but does no damage.
You puncture the ice statue! You tail-slap the ice statue!
The ice statue is moderately damaged.
You are engulfed in freezing vapours.
You resist. You block the ice beast's attack.
You hit the ice statue.
The ice statue is moderately damaged.
You are engulfed in freezing vapours.
You resist.
The ice statue gestures.
The ice statue glitters chillingly in the dim dungeon light.
The ice statue gestures at you. You block the shard of ice.
The ice beast closely misses you.
You puncture the ice statue!
The ice statue is heavily damaged.
You are engulfed in freezing vapours.
You resist. The ice statue gestures at you. The bolt of cold hits you!
You resist.
The ice statue gestures.
The ice beast hits you but does no damage.
The ice beast attacks as you move away!
The ice beast hits you but does no damage.
You are engulfed in freezing vapours.
You resist.
The ice statue gestures.
You hit the ice statue but do no damage.
The ice statue is heavily damaged.
You are engulfed in freezing vapours.
You resist.
* * * LOW HITPOINT WARNING * * *
The ice statue glitters chillingly in the dim dungeon light.
The ice beast hits you but does no damage.
You block the ice beast's attack.
You hit the ice statue but do no damage.
You tail-slap the ice statue!
The ice statue is heavily damaged.
The ice statue glitters chillingly in the dim dungeon light.
The ice statue gestures at you.
The freezing blast engulfs the ice beast.
The ice beast completely resists.
The ice statue gestures at you. The shard of ice hits you!!
You partially resist.
You die...

############# ##### *
##.....#.....## ##.... ,
##......#......###.....
,.#.......#.......#......
,
.8......°...........∩..∩
,#..☼Y°°.#.......#......
,
,*##.☼☼YY☼#......###.....
##8○Y@8#.....## ##....
############# #####


You could see 3 ice statues and 4 ice beasts.

Vanquished Creatures
  A hydra (D:9)
  A boulder beetle (D:9)
  2 two-headed ogres
  A catoblepas (D:8)
  Nergalle (D:10)
  A deep elf pyromancer (D:10)
  A manticore (D:9)
  A black mamba (shapeshifter) (D:10)
  A freezing wraith (IceCv)
  2 kobold demonologists
  3 trolls
  2 hornets
  A culicivora (shapeshifter) (D:10)
  A shadow (D:6)
  7 yaks
  2 wyverns (D:9)
  Eustachio (D:4)
  2 wraiths
  2 steam dragons
  2 death yak simulacra (IceCv)
  A vampire mosquito (D:8)
  3 acid dragons
  3 water moccasins
  2 black bears
  3 ice beasts
  2 orc warriors (D:6)
  9 ogres
  4 centaurs
  23 kobold brigands
  3 bullfrogs
  3 scorpions
  2 necrophages
  5 gnoll sergeants
  A cane toad simulacrum (IceCv)
  11 wights
  2 elephant simulacra (IceCv)
  8 killer bees (D:9)
  18 howler monkeys
  An electric eel (D:9)
  A lava snake (D:10)
  2 gnoll shamans
  8 hounds
  2 jellies
  6 orc priests
  3 iguanas
  9 orc wizards
  26 gnolls
  10 adders
  A shadow imp (D:7)
  A white imp (D:8)
  An ufetubus (D:4)
  4 worms
  5 dart slugs
  21 orcs
  5 ball pythons
  3 endoplasms
  4 giant cockroaches
  8 goblins
  7 hobgoblins
  4 jackals (D:4)
  4 quokkas
  8 bats
  2 frilled lizards
  17 kobolds
  4 rats
305 creatures vanquished.

Vanquished Creatures (collateral kills)
  A wyvern (D:8)
  A steam dragon (D:8)
  4 wights (D:8)
  An orc wizard (D:6)
  A gnoll (D:6)
8 creatures vanquished.

Vanquished Creatures (others)
  An orc priest (D:6)
  An orc wizard (D:6)
  A gnoll (D:9)
  A white imp (D:8)
  6 fungi (D:7)
  11 plants
21 creatures vanquished.

Grand Total: 334 creatures vanquished

Notes
Turn   | Place    | Note
-------+----------+-------------------------------------------
     0 | D:1      | quokkamancerX the Draconian Ice Elementalist began the
                  | quest for the Orb.
     0 | D:1      | Reached XP level 1. HP: 14/14 MP: 3/3
   784 | D:1      | Found a faded altar of an unknown god.
   806 | D:1      | Reached XP level 2. HP: 20/20 MP: 5/5
  1894 | D:2      | Reached XP level 3. HP: 16/26 MP: 2/7
  3157 | D:2      | Reached XP level 4. HP: 22/33 MP: 5/10
  3946 | D:3      | Found Asocutta's Distillery.
  3996 | D:3      | Bought a potion of curing for 39 gold pieces
  5110 | D:4      | Found a glowing drain.
  5128 | D:4      | Reached XP level 5. HP: 32/38 MP: 9/12
  5133 | Sewer    | Entered a sewer
  5193 | Sewer    | Noticed a water moccasin
  5205 | Sewer    | Killed a water moccasin
  5206 | Sewer    | Reached skill level 5 in Spellcasting
  5314 | D:4      | Noticed Eustachio
  5406 | D:4      | Killed Eustachio
  5407 | D:4      | Reached XP level 6. HP: 40/45 MP: 11/15
  5509 | D:4      | Reached skill level 5 in Ice Magic
  5535 | D:4      | Learned a level 3 spell: Frozen Ramparts
  5539 | D:4      | Learned a level 3 spell: Ozocubu's Armour
  5709 | D:4      | Your scales start taking on a pale cyan-grey colour.
  5709 | D:4      | Reached XP level 7. HP: 17/50 MP: 16/16
  5709 | D:4      | Gained mutation: You are immune to the effects of steam.
                  | [Pale Draconian growth]
  7074 | D:5      | Entered Level 5 of the Dungeon
  7632 | D:5      | Noticed a troll
  7799 | D:5      | Killed a troll
  7800 | D:5      | Reached XP level 8. HP: 45/57 MP: 3/17
  8530 | D:5      | Found a glowing silver altar of Zin.
  8531 | D:5      | Found a glowing golden altar of the Shining One.
  8534 | D:5      | Found a white marble altar of Elyvilon.
  8725 | D:5      | Found an ornate altar of the Wu Jian Council.
  8731 | D:5      | Noticed a spectral centipede
  8731 | D:5      | Noticed a spectral black mamba
  9101 | D:6      | Reached skill level 10 in Ice Magic
  9126 | D:6      | Reached skill level 1 in Fighting
  9417 | D:6      | Reached XP level 9. HP: 70/72 MP: 12/18
  9509 | D:6      | Reached skill level 5 in Fighting
 10581 | D:6      | Found a staircase to the Ecumenical Temple.
 10590 | Temple   | Entered the Ecumenical Temple
 10778 | Temple   | Became a worshipper of Ashenzari the Shackled
 10886 | D:6      | Noticed a kobold demonologist
 10919 | D:6      | Killed a kobold demonologist
 11222 | D:6      | Reached skill level 10 in Fighting
 11222 | D:6      | Reached skill level 1 in Shields
 11346 | D:6      | Reached XP level 10. HP: 93/93 MP: 9/19
 11740 | D:6      | Found a basalt altar of Yredelemnul.
 12556 | D:7      | You fall into a shaft and drop 3 floors!
 12556 | D:10     | Entered Level 10 of the Dungeon
 12741 | D:10     | Reached skill level 5 in Shields
 12792 | D:10     | Found a snail-covered altar of Cheibriados.
 13255 | D:10     | Found a blossoming altar of Fedhas.
 13263 | D:10     | Found a stormy altar of Qazlal.
 14131 | D:7      | Found a radiant altar of Vehumet.
 14354 | D:8      | Reached skill level 5 in Dodging
 14399 | D:8      | Noticed a rust devil
 14800 | D:8      | Reached XP level 11. HP: 76/99 MP: 14/21
 15076 | D:8      | Noticed a catoblepas
 15086 | D:8      | Killed a catoblepas
 16329 | D:9      | Noticed a boulder beetle
 16356 | D:9      | Noticed a two-headed ogre
 16384 | D:9      | Killed a two-headed ogre
 16531 | D:9      | HP: 2/99 [boulder beetle (22)]
 16537 | D:9      | Killed a boulder beetle
 16538 | D:9      | Reached skill level 10 in Spellcasting
 16538 | D:9      | Reached skill level 1 in Evocations
 16950 | D:9      | Reached * piety under Ashenzari
 17358 | D:9      | Identified the +1 helmet of Orthodoxy {Dex+3 SInv}
 17397 | D:9      | Found Ryeg's Demolitions Depot.
 17537 | D:9      | Noticed a seven-headed hydra
 17608 | D:9      | Killed a seven-headed hydra
 17609 | D:9      | Reached skill level 5 in Evocations
 17980 | D:9      | Bought a book of Fire for 616 gold pieces
 18082 | D:10     | Reached skill level 1 in Conjurations
 18293 | D:10     | Noticed a deep elf pyromancer
 18307 | D:10     | Killed a deep elf pyromancer
 18463 | D:10     | Noticed Nergalle
 18485 | D:10     | Killed Nergalle
 18486 | D:10     | Reached XP level 12. HP: 94/106 MP: 11/26
 19133 | D:9      | Reached ** piety under Ashenzari
 19290 | D:10     | Noticed a two-headed ogre
 19311 | D:10     | Killed a two-headed ogre
 19622 | D:11     | Reached skill level 5 in Conjurations
 19869 | D:11     | Found a frozen archway.
 19878 | IceCv    | Entered an ice cave
 20654 | IceCv    | Learned a level 5 spell: Fireball
 20982 | IceCv    | Killed from afar by an ice statue

Illustrated notes

Levels and vault maps discovered:
D:1:      minmay_arrival_five_plusses, layout_loops_corners,
          shapermc_ecumenical_altar_mp_vishouse
D:2:      layout_basic
D:3:      layout_loops_cross, serial_shops, shop_statue
D:4:      layout_cave_pods, gup_sewer_entry_glass, glass_columns_c,
          hangedman_decor_push, minivault_11, nrook_mini_vaults, uniq_eustachio
D:5:      layout_loops_corners, good_gods_temple_1,
          pdpol_wu_jian_five_deadly_venoms, minmay_bent
D:6:      lemuel_castle_with_subvaults [lemuel_castle_interior_original],
          layout_basic, lemuel_round_altar, temple_pool_b
D:7:      layout_cave_pools, mainiacjoe_overflow_surrounded_room, serial_park,
          serial_park_gazebo [serial_park_minivault_5x5_6], serial_park_paths
          [serial_park_minivault_5x5_6], serial_park_tiny_1, serial_park_square1
          [serial_park_minivault_5x5_3]
D:8:      kennysheep_blocky_room, layout_rooms, special_room
          [special_room_kobold], minmay_misc_feat_plants,
          kennysheep_cross_bottleneck
D:9:      kennysheep_ambush_hall, layout_cave_pools, minivault_4,
          nicolae_blasting_shop
D:10:     kennysheep_big_flooded_room, layout_irregular_city,
          mainiacjoe_overflow_concentric_impassable,
          grunt_temple_overflow_forces_of_nature, minivault_16, uniq_nergalle
D:11:     layout_long_grid, lair_entry_dummy, portal_ice_cave_entry_pillars_1
Temple:   dshaligram_water_room_temple
IceCv:    ice_cave_statue_garden_chambered

Skill      XL: |  1  2  3  4  5  6  7  8  9 10 11 12 |
---------------+-------------------------------------+-----
Spellcasting   | 3 4 6 7 10 | 10.0
Ice Magic      | 5 8 10 | 10.0
Fighting       | 4 10 | 10.0
Shields        | 2 6 |  6.0
Dodging        | 5 |  5.6
Evocations     | 6 |  6.0
Conjurations   | 3 5 |  5.6
Stealth        | |  1.7

Action                   |  1- 3 |  4- 6 |  7- 9 | 10-12 || total
-------------------------+-------+-------+-------+-------++-------
Melee: Spear             |    20 |       |       |       ||    20
       Tailslap          |     8 |     5 |    16 |    57 ||    86
       Mace              |    25 |    15 |       |       ||    40
       Hand axe          |       |    45 |    79 |    14 ||   138
       Punch             |       |     1 |     1 |       ||     2
       Dagger            |       |       |       |   327 ||   327
Throw: Dart              |     2 |     6 |     3 |    13 ||    24
 Cast: Freeze            |    42 |    23 |    71 |    65 ||   201
       Ozocubu's Armour  |       |     1 |    26 |    27 ||    54
       Frozen Ramparts   |       |       |    31 |    28 ||    59
       Fireball          |       |       |       |     2 ||     2
Invok: Curse Item        |       |       |       |     3 ||     3
 Abil: Breathe Steam     |       |       |    36 |   109 ||   145
Evoke: Wand              |       |     2 |     2 |       ||     4
  Use: Potion            |     1 |       |     3 |     3 ||     7
       Scroll            |       |     7 |     9 |    11 ||    27
 Stab: Sleeping          |     2 |     2 |       |     1 ||     5
Armor: Skin              |    32 |    26 |    60 |   178 ||   296
Dodge: Dodged            |    45 |    55 |    69 |   292 ||   461
       Repelled          |       |       |       |     7 ||     7
Block: Buckler           |       |       |    16 |   125 ||   141

Table legend: (Time is in decaauts)
 A = Elapsed time spent in this place.
 B = Non-inter-level travel time spent in this place.
 C = Inter-level travel time spent in this place.
 D = Time resting spent in this place.
 E = Time spent auto-exploring this place.
 F = Levels seen in this place.
 G = Mean time per level.
                   A        B        C        D        E       F      G
               +--------+--------+--------+--------+--------+-----+--------+
         Total |  21141 |  20839 |    302 |   8126 |   1354 |  14 | 1510.1 |
       Dungeon |  19663 |  19361 |    302 |   7422 |   1294 |  11 | 1787.5 |
        Temple |    209 |    209 |      0 |      0 |     60 |   1 |  209.0 |
         Sewer |    157 |    157 |      0 |     49 |      0 |   1 |  157.0 |
      Ice Cave |   1110 |   1110 |      0 |    655 |      0 |   1 | 1110.0 |
               +--------+--------+--------+--------+--------+-----+--------+

Top non-repeatable levels by time:
     D:6: 3354 daAuts
     D:2: 2413 daAuts
    D:10: 2181 daAuts
     D:9: 2094 daAuts
     D:4: 2004 daAuts
     D:5: 1864 daAuts
     D:8: 1708 daAuts
     D:1: 1547 daAuts
   IceCv: 1110 daAuts
     D:3: 1086 daAuts
     D:7: 961 daAuts
    D:11: 446 daAuts
  Temple: 209 daAuts
   Sewer: 157 daAuts
